Map: Clair de lune fanatique EC (Void)

Players

AcE

  • Race: Terran Terran
  • League: Bronze

AgCl - Winner!

  • Race: Protoss Protoss
  • League: Gold

VOD

Have the link to the VOD?

Description

Time

  • Played on: July 17, 2015, 9:12 p.m.
  • Length: 11:38
Show
View Real Time Build Order
Export as new Build Order

AcE Terran 

Build Orders: Command Center First (CC) 

Get SALT Encoding   

  12  0:02  SCV  
  13  0:14  SCV  
  14  0:24  Supply Depot  
  14  0:26  SCV  
  15  0:46  SCV  
  16  0:58  SCV  
  16  1:03  Command Center  
  17  1:10  SCV  
  18  1:22  SCV  
  19  1:26  Barracks  
  19  1:34  SCV  
  20  1:46  SCV  
  21  2:02  Barracks  
  21  2:04  Barracks  
  21  2:18  Marine  
  22  2:25  Orbital Command  
  22  2:35  Marine  
  21  2:50  Marine  
  21  2:51  Orbital Command  
  20  2:53  Marine  
  21  3:03  SCV  
  22  3:08  Bunker, Marine  
  22  3:11  Marine  
  24  3:15  SCV  
  24  3:18  SCV  
  26  3:23  Command Center  
  26  3:25  Marine  
  26  3:26  Refinery  
  27  3:28  SCV, Refinery  
  27  3:32  Marine  
  29  3:34  SCV  
  29  3:40  SCV  
  31  3:43  Marine  
  31  3:46  SCV  
  33  3:52  SCV  
  33  3:54  Engineering Bay  
  31  4:16  Marine  
  32  4:26  SCV x2  
  32  4:30  Marine  
  35  4:32  Missile Turret  
  35  4:38  SCV  
  37  4:39  Factory  
  37  4:43  SCV, Marine  
  38  4:46  Barracks Tech Lab  
  38  4:48  Barracks, Marine  
  38  4:52  SCV, Barracks  
  40  4:55  Orbital Command  
  40  4:58  SCV  
  41  5:01  Marine  
  41  5:04  SCV  
  41  5:05  Marine  
  41  5:06  Supply Depot, Refinery, Marine  
  45  5:08  Refinery  
  45  5:09  Stimpack  
  45  5:10  SCV  
  45  5:13  Terran Infantry Weapons Level 1  
  46  5:19  Marine  
  47  5:23  Marine  
  47  5:24  SCV  
  47  5:25  SCV  
  50  5:29  SCV  
  50  5:31  Marine  
  50  5:33  Factory Reactor  
  52  5:36  SCV  
  52  5:37  Starport, Marine  
  52  5:38  Marine  
  52  5:39  SCV  
  56  5:44  Marine x2  
  61  6:11  Marauder  
  61  6:12  Barracks Tech Lab  
  61  6:13  Barracks Tech Lab  
  61  6:14  Barracks Tech Lab  
  61  6:16  Barracks Reactor  
  55  6:32  Marauder  
  52  6:57  Marauder, Marine x3  
  52  6:58  SCV, Marauder x2  
  52  6:59  SCV  
  60  7:01  SCV  
  60  7:04  Missile Turret  
  61  7:15  Supply Depot  
  61  7:18  Medivac x2  
  61  7:19  Marauder x2  
  61  7:20  Supply Depot  
  69  7:23  Terran Infantry Armor Level 1  
  69  7:26  Command Center  
  69  7:27  Engineering Bay  
  69  7:29  Armory, Missile Turret  
  69  7:36  SCV x3, Marine  
  75  7:37  Marauder  
  74  7:56  SCV  
  68  8:01  Marine  
  68  8:02  Marine x5  
  64  8:19  Marine  
  65  8:20  Marine x3  
  65  8:21  Marine  
  65  8:22  Barracks  
  65  8:26  Barracks  
  64  8:27  Barracks  
  29  9:30  Missile Turret  
  27  9:32  Missile Turret  
  27  9:33  Missile Turret x2  
  27  9:35  Missile Turret  
  27  9:37  Barracks Reactor  
  27  9:38  Barracks Reactor  
  27  9:41  Barracks  
  27  9:42  Barracks Reactor  
  27  9:44  Barracks Reactor  
  27  9:45  Barracks  
  27  9:54  SCV  
  27  9:55  Engineering Bay  
  27  9:57  Engineering Bay  
  26  10:01  Orbital Command  
  26  10:04  Missile Turret  
  26  10:08  Barracks Reactor  
  26  10:09  Engineering Bay  
  26  10:13  SCV x2  
  28  10:20  Marine x2  
  28  10:21  Marine x6  
  32  10:25  SCV  
  35  10:28  Marine  
  35  10:31  Marine  
  37  10:38  Marine x2  
  37  10:39  Marine x4  
  43  10:46  Marine  
  43  10:49  Marine  
  43  10:56  Marine x4  
  43  10:57  Marine x2  
  48  11:04  Marine  
Show
View Real Time Build Order
Export as new Build Order

AgCl Protoss - Winner!

Build Orders: Oracle Opening, Carrier Rush 

Get SALT Encoding   

  12  0:15  Probe, Pylon  
  13  0:27  Probe  
  14  0:35  Gateway  
  14  0:39  Probe  
  15  0:50  Assimilator  
  15  0:52  Probe  
  16  1:04  Probe  
  17  1:16  Probe (Chrono Boost)  
  18  1:23  Zealot (Chrono Boost)  
  20  1:28  Probe (Chrono Boost), Assimilator  
  20  1:30  Pylon  
  21  1:36  Probe (Chrono Boost)  
  22  1:42  Cybernetics Core  
  22  1:48  Probe (Chrono Boost)  
  23  2:00  Probe (Chrono Boost)  
  24  2:06  Probe (Chrono Boost)  
  25  2:17  Probe  
  25  2:21  Stargate  
  25  2:23  Pylon  
  25  2:29  Probe  
  27  2:47  Mothership Core (Chrono Boost)  
  27  2:50  Nexus  
  26  3:00  Pylon  
  26  3:03  Warp Gate  
  27  3:07  Oracle (Chrono Boost)  
  27  3:12  Probe  
  29  3:24  Probe (Chrono Boost)  
  30  3:36  Probe (Chrono Boost)  
  31  3:45  Nexus  
  31  4:16  Probe (Chrono Boost)  
  29  4:17  Fleet Beacon  
  29  4:18  Probe (Chrono Boost), Pylon  
  28  4:28  Assimilator  
  28  4:29  Probe (Chrono Boost)  
  28  4:30  Probe (Chrono Boost)  
  30  4:36  Pylon  
  30  4:37  Probe (Chrono Boost)  
  32  4:39  Probe (Chrono Boost)  
  32  4:41  Carrier (Chrono Boost)  
  32  4:44  Probe (Chrono Boost)  
  33  4:48  Probe (Chrono Boost)  
  34  4:54  Assimilator  
  34  4:55  Probe (Chrono Boost)  
  34  4:58  Probe (Chrono Boost)  
  44  5:08  Probe x2 (Chrono Boost)  
  44  5:10  Probe (Chrono Boost)  
  45  5:18  Graviton Catapult  
  47  5:23  Probe (Chrono Boost)  
  47  5:26  Mothership Core (Chrono Boost)  
  47  5:27  Probe (Chrono Boost)  
  49  5:32  Protoss Air Weapons Level 1 (Chrono Boost)  
  49  5:35  Probe (Chrono Boost)  
  51  5:36  Probe (Chrono Boost)  
  51  5:40  Forge  
  51  5:41  Probe  
  52  5:45  Probe  
  52  5:48  Probe  
  54  5:51  Carrier (Chrono Boost)  
  54  5:53  Probe  
  39  6:07  Probe (Chrono Boost)  
  44  6:18  Pylon  
  47  6:19  Mothership Core (Chrono Boost)  
  47  6:23  Adept  
  44  6:47  Carrier (Chrono Boost)  
  44  6:51  Adept  
  46  6:55  Probe (Chrono Boost)  
  46  7:01  Probe (Chrono Boost)  
  48  7:04  Probe (Chrono Boost)  
  48  7:05  Assimilator  
  48  7:07  Probe (Chrono Boost)  
  56  7:08  Assimilator  
  57  7:16  Probe (Chrono Boost)  
  57  7:19  Probe (Chrono Boost)  
  58  7:28  Probe (Chrono Boost)  
  60  7:30  Probe (Chrono Boost)  
  60  7:35  Probe (Chrono Boost)  
  62  7:37  Carrier (Chrono Boost)  
  62  7:38  Probe (Chrono Boost)  
  62  7:43  Probe  
  61  7:49  Probe  
  62  7:55  Probe  
  69  8:03  Probe  
  70  8:07  Probe  
  71  8:17  Stargate  
  71  8:19  Protoss Air Weapons Level 2 (Chrono Boost), Pylon  
  71  8:20  Probe  
  72  8:28  Carrier (Chrono Boost)  
  73  8:40  Photon Cannon  
  72  8:43  Mothership Core (Chrono Boost)  
  72  8:47  Nexus  
  80  9:00  Probe  
  69  9:22  Probe (Chrono Boost)  
  64  9:24  Carrier (Chrono Boost)  
  64  9:33  Probe (Chrono Boost)  
  66  9:40  Probe (Chrono Boost)  
  66  9:43  Probe (Chrono Boost)  
  73  9:47  Probe (Chrono Boost)  
  73  9:50  Probe  
  76  10:00  Probe (Chrono Boost)  
  76  10:03  Robotics Facility  
  77  10:07  Probe (Chrono Boost), Photon Cannon  
  77  10:13  Probe (Chrono Boost)  
  79  10:16  Probe (Chrono Boost)  
  79  10:19  Probe (Chrono Boost)  
  80  10:22  Probe  
  80  10:26  Probe (Chrono Boost)  
  82  10:29  Probe (Chrono Boost)  
  84  10:40  Probe (Chrono Boost)  
  84  10:41  Probe (Chrono Boost)  
  84  10:42  Probe (Chrono Boost)  
  86  10:47  Probe (Chrono Boost)  
  86  10:49  Probe  
  88  10:51  Probe  
  89  10:58  Probe  
  90  11:09  Observer (Chrono Boost)  
  91  11:16  Probe x2 (Chrono Boost)  
  94  11:21  Probe (Chrono Boost)  
  97  11:26  Probe x2 (Chrono Boost), Photon Cannon  
Tags
 
Add a new tag
Caveats
  • Supply blocks, unpowered buildings, or Contaminate may cause inaccurate times.
  • Supply counts are checked every 10 seconds.